 Dungeon Crawl Stone Soup version 0.25.1-2-g60ff931df9 (webtiles) character file.

Game seed: 8075943215557277992

677 Elvor the Shield-Bearer (level 7, -4/62 HPs)
             Began as a Minotaur Fighter on Aug 26, 2020.
             Slain by a yak (9 damage)
             ... on level 6 of the Dungeon.
             The game lasted 00:19:39 (2311 turns).

Elvor the Shield-Bearer (Minotaur Fighter)          Turns: 2311, Time: 00:19:39

Health: -4/62      AC: 14    Str: 23    XL:     7   Next: 33%
Magic:  6/6        EV:  6    Int:  5    God:
Gold:   160        SH: 10    Dex:  9    Spells: 6/6 levels left

rFire    . . .     SeeInvis .   a - +0 flail
rCold    . . .     Gourm    .   c - +0 kite shield
rNeg     . . .     Faith    .   j - +0 chain mail
rPois    .         Spirit   .   (helmet restricted)
rElec    .         Reflect  .   s - +2 cloak
rCorr    .         Harm     .   e - +0 pair of gloves (curse)
MR       .....                  (no boots)
Stlth    ..........             t - amulet of the acrobat
HPRegen  0.20/turn              o - ring of wizardry
MPRegen  0.10/turn              (no ring)

@: no status effects
A: retaliatory headbutt, horns 2
a: no special abilities


You were on level 6 of the Dungeon.
You were hungry.

You visited 1 branch of the dungeon, and saw 4 of its levels.

You collected 160 gold pieces.

Inventory:

Hand Weapons
 a - a +0 flail (weapon)
 p - a +3 quarterstaff of chaos
Missiles
 i - a throwing net (quivered)
Armour
 c - a +0 kite shield (worn)
 e - a cursed +0 pair of gloves (worn)
 j - a +0 chain mail (worn)
 s - a +2 cloak (worn)
Jewellery
 o - a ring of wizardry (left hand)
 t - an amulet of the acrobat (around neck)
Scrolls
 b - 2 scrolls of remove curse {unknown}
 h - a scroll of amnesia {unknown}
 q - a scroll of fear {unknown}
 r - a scroll of enchant armour {unknown}
 v - 2 scrolls of fog {unknown}
 y - a scroll of teleportation {unknown}
 z - a scroll of noise {unknown}
Potions
 d - a potion of might
 g - a potion of flight {unknown}
 k - 2 potions of haste {unknown}
 m - 2 potions of mutation {unknown}
 n - 2 potions of magic {unknown}
 u - 2 potions of brilliance {unknown}
 w - a potion of cancellation {unknown}
 x - a potion of lignification {unknown}
Comestibles
 f - 6 rations


   Skills:
 * Level 5.7 Fighting
 + Level 5.5 Maces & Flails
 + Level 1.8 Throwing
 + Level 5.5 Armour
 + Level 0.7 Dodging
 + Level 5.8 Shields


You had 6 spell levels left.
You didn't know any spells.
Your spell library was empty.

Dungeon Overview and Level Annotations

Branches:
Dungeon (6/15)
 Temple: D:4-7

Altars:
Trog

Annotations:
D:3 2 transporters, humannomore's ghost, amateur TrBe


Innate Abilities, Weirdness & Mutations

You reflexively headbutt those who attack you in melee.
You have a pair of horns on your head.


Message History

You hit the yak.
The yak is severely wounded.
The yak completely misses you. You furiously retaliate!
You headbutt the yak. The yak gores you!
* * * LOW HITPOINT WARNING * * *
You barely miss the yak. You headbutt the yak!
You kill the yak!
You hit the yak. You headbutt the yak, but do no damage.
The yak is lightly wounded.
You block the yak's attack.
You hit the yak but do no damage.
The yak is lightly wounded.
The yak gores you!
* * * LOW HITPOINT WARNING * * *
The yak gores you but does no damage.
You hit the yak. You headbutt the yak.
The yak is lightly wounded.
The howler monkey hoots and howls with incredible vigour!
The yak gores you!
You die... .# .## .... ..# ... #.## .h. #..# lY#

##.#. #Y# ..(#.# #Y#
).(#.# #Y# .....# #@#
.....# #.#
.....###########.#
.....##..........#
...#>............#
...#.##..........#####
...'.##..............#
...####.........####(#
.###............####.#


You could see 4 yaks, a howler monkey (catching breath) and an iguana.

Vanquished Creatures
  2 yaks (D:6)
  A centaur (D:6)
  A crimson imp (D:3)
  Crazy Yiuf (D:2)
  Jessica (D:2)
  Natasha (thrice) (D:2)
  4 gnolls (D:2)
  5 adders
  An ooze (D:2)
  An adder zombie (D:3)
  An adder skeleton (D:3)
  3 dart slugs
  2 leopard geckos (D:3)
  An orc (D:3)
  4 bats
  3 giant cockroaches (D:1)
  2 goblins
  8 hobgoblins
  2 jackals (D:6)
  A quokka (D:3)
  3 frilled lizards
  A jackal zombie (D:6)
  6 kobolds
  10 rats
  A fungus (D:2)
  A plant (D:3)
69 creatures vanquished.

Notes
Turn   | Place    | Note
-------+----------+-------------------------------------------
     0 | D:1      | Elvor the Minotaur Fighter began the quest for the Orb.
     0 | D:1      | Reached XP level 1. HP: 19/19 MP: 0/0
   221 | D:1      | Reached XP level 2. HP: 27/27 MP: 1/1
   573 | D:2      | Noticed Jessica
   583 | D:2      | Killed Jessica
   583 | D:2      | Reached XP level 3. HP: 33/33 MP: 2/2
   716 | D:2      | Found a bloodstained altar of Trog.
   843 | D:2      | Reached XP level 4. HP: 29/40 MP: 3/3
   891 | D:2      | Noticed Natasha
   895 | D:2      | Killed Natasha
  1056 | D:2      | Found a runed translucent door.
  1057 | D:2      | Noticed Crazy Yiuf
  1067 | D:2      | Killed Crazy Yiuf
  1067 | D:2      | Reached XP level 5. HP: 27/47 MP: 0/4
  1443 | D:2      | Noticed Natasha
  1449 | D:2      | Killed Natasha
  1465 | D:2      | Noticed Natasha
  1474 | D:2      | Killed Natasha
  1474 | D:2      | Reached skill level 5 in Armour
  1552 | D:3      | Reached skill level 1 in Throwing
  1571 | D:3      | Reached skill level 5 in Shields
  1695 | D:3      | Found a transporter.
  1695 | D:3      | Noticed humannomore's ghost (amateur TrBe)
  1722 | D:3      | Reached XP level 6. HP: 51/55 MP: 5/5
  1991 | D:3      | Found a transporter.
  2088 | D:3      | Reached skill level 5 in Fighting
  2149 | D:3      | You fall into a shaft and drop 3 floors!
  2289 | D:6      | Noticed a yak
  2289 | D:6      | Noticed a yak
  2291 | D:6      | Noticed a yak
  2292 | D:6      | Noticed a yak
  2292 | D:6      | Noticed a yak
  2292 | D:6      | Noticed a yak
  2306 | D:6      | Killed a yak
  2306 | D:6      | Reached skill level 5 in Maces & Flails
  2306 | D:6      | Reached XP level 7. HP: 20/61 MP: 6/6
  2308 | D:6      | Killed a yak
  2311 | D:6      | Slain by a yak

Illustrated notes

Levels and vault maps discovered:
D:1:      dpeg_arrival_pits, layout_basic
D:2:      layout_loops_corners, lemuel_doored_altar, uniq_jessica,
          uniq_crazy_yiuf_cottage, uniq_natasha
D:3:      layout_basic, gammafunk_ghost_mausoleum, serial_bayou_lagoon_a,
          minmay_randomly_rotated_circles
D:6:      layout_basic, lemuel_crystal_altar, minitemple, elyvilon_altar_5

Skill      XL: |  1  2  3  4  5  6 |
---------------+-------------------+-----
Shields        | 4 5 |  5.8
Armour         | 4 5 |  5.5
Fighting       | 4 5 |  5.7
Maces & Flails | 3 4 5 |  5.5
Throwing       | 1 |  1.8
Dodging        | |  0.7

Action                   |  1- 3 |  4- 6 |  7- 9 || total
-------------------------+-------+-------+-------++-------
Melee: Flail             |    58 |   171 |     5 ||   234
       Headbutt          |    11 |    31 |     3 ||    45
Throw: Dart              |     5 |     9 |       ||    14
       Throwing net      |     1 |     1 |       ||     2
  Eat: Chunk             |       |     1 |       ||     1
       Ration            |       |     1 |       ||     1
Armor: Scale mail        |    21 |       |       ||    21
       Chain mail        |     6 |    80 |     1 ||    87
Dodge: Dodged            |    19 |    35 |     1 ||    55
Block: Kite shield       |    25 |    65 |     1 ||    91
